 Dungeon Crawl Stone Soup version 0.28.0-53-g5a82cb258f (webtiles) character file.

Game seed: 12145311542890693949

1181 Legadrian the Fighter (level 8, -1/56 HPs)
             Began as a Gargoyle Fighter on July 6, 2022.
             Slain by a wight
             ... wielding a +3 halberd
              (10 damage)
             ... on level 6 of the Dungeon on July 7, 2022.
             The game lasted 00:13:07 (4826 turns).

Legadrian the Fighter (Gargoyle Fighter)            Turns: 4826, Time: 00:13:08

Health: -1/56      AC: 17    Str: 25    XL:     8   Next: 42%
Magic:  17/17      EV:  9    Int:  8    God:
Gold:   181        SH:  4    Dex: 12    Spells: 5/7 levels left

rFire   x . .      SeeInvis +   y - +10 whip "Sedyq" {vamp, rF- MP+9 Str+2 Dex+3}
rCold   . . .      Faith    .   c - +0 buckler
rNeg    + . .      Spirit   .   b - +0 scale mail
rPois   ∞          Reflect  .   (no helmet)
rElec   +          Harm     .   (no cloak)
rCorr   .          Rampage  .   (no gloves)
Will    +....                   (no boots)
Stlth   ..........              q - amulet of magic regeneration
HPRegen 0.18/turn               o - +4 ring of protection
MPRegen 0.55/turn               w - ring of Dum Sez {Will+ SInv}

@: mighty
A: sickness immunity, AC +5, negative energy resistance 1, electricity
resistance, torment resistance 1, petrification resistance
a: no special abilities


You were on level 6 of the Dungeon.
You visited 1 branch of the dungeon, and saw 6 of its levels.

You collected 181 gold pieces.

Inventory:

Hand Weapons
 a - a +0 flail
 l - a +0 war axe
 y - the +10 whip "Sedyq" (weapon) {vamp, rF- MP+9 Str+2 Dex+3}
   (You found it on level 4 of the Dungeon)

   It occasionally heals its wielder for a portion of the damage dealt when it
   wounds a living foe.
   Str:       It affects your strength (+2).
   Dex:       It affects your dexterity (+3).
   rF:        It makes you vulnerable to fire.
   MP:        It affects your magic capacity (+9).
 z - a +2 vampiric dagger
 F - a +0 shortbow
 G - a +0 hunting sling
Missiles
 i - 6 boomerangs (quivered)
 j - 175 stones
 m - 93 arrows
 n - 32 sling bullets
 p - 11 poisoned darts
 r - 5 javelins
 t - 81 bolts
Armour
 b - a +0 scale mail (worn)
 c - a +0 buckler (worn)
 D - a +0 ring mail
Jewellery
 o - a +4 ring of protection (left hand)
 q - an amulet of magic regeneration (around neck)
 u - a ring of wizardry
 w - the ring of Dum Sez (right hand) {Will+ SInv}
   (You found it on level 4 of the Dungeon)

   [ring of see invisible]

   SInv:      It lets you see invisible.
   Will:      It increases your willpower.
Wands
 C - a wand of digging (7)
Scrolls
 e - 2 scrolls of blinking
 g - 2 scrolls of noise
 k - 2 scrolls of immolation
 v - a scroll of amnesia {unknown}
 x - 2 scrolls of vulnerability {unknown}
 B - a scroll of fog {unknown}
 E - a scroll of teleportation {unknown}
Potions
 d - 2 potions of might
 f - 2 potions of curing {unknown}
 h - a potion of attraction {unknown}
 s - 3 potions of haste {unknown}
 A - a potion of cancellation {unknown}


   Skills:
 - Level 9.3 Fighting
 - Level 2.0 Maces & Flails
 + Level 7.1 Armour
 - Level 3.2 Shields


You had 5 spell levels left.
You knew the following spells:

 Your Spells              Type           Power      Damage    Failure   Level
a - Wereblood             Tmut           0%         N/A       88%         2

Your spell library contained the following spells:

 Spells                   Type           Power      Damage    Failure   Level
 Animate Skeleton         Necr           0%         N/A       77%         1
 Beastly Appendage        Tmut           0%         N/A       77%         1
 Pain                     Necr           0%         1d4       77%         1
 Dazzling Flash           Conj/Hex       0%         N/A       98%         3
 Spider Form              Tmut/Pois      0%         N/A       98%         3
 Vampiric Draining        Necr           0%         2d6       98%         3
 Iskenderun's Mystic Bla  Conj/Tloc      0%         2d3       100%        4
 Starburst                Conj/Fire      0%         6d3       100%        6


Dungeon Overview and Level Annotations

Branches:
Dungeon (6/15)
 Temple: D:4-7

Altars:
Gozag
Hepliaklqana
Yredelemnul


Innate Abilities, Weirdness & Mutations

You are immune to sickness and miasma.
Your stone body is resilient. (AC +5)
You are immune to poison.
You resist negative energy. (rN+)
You are resistant to electric shocks. (rElec)
You are resistant to unholy torment.
You are immune to petrification.


Message History

The wight hits you but does no damage. x2
You hit the wight.
The wight is heavily damaged.
The wight hits you with a +0 scimitar! The wight hits you but does no damage.
You hit the wight.
The wight is severely damaged.
The wight hits you with a +0 scimitar.
The wight hits you from afar with a +3 halberd!
You whack the wight!
You destroy the wight!
The wight hits you from afar with a +3 halberd!
You feel very mighty all of a sudden. The wight barely misses you.
You block the wight's attack.
You hit the wight.
The wight is moderately damaged.
You block the wight's attack.
The wight hits you from afar with a +3 halberd.
You barely miss the wight.
The wight is moderately damaged.
The wight hits you but does no damage. The wight closely misses you.
You barely miss the wight.
The wight is moderately damaged.
The wight misses you.
The wight hits you from afar with a +3 halberd.
You closely miss the wight.
The wight is moderately damaged.
The wight barely misses you. The wight hits you but does no damage.
You whack the wight!
You destroy the wight!
The wight hits you from afar with a +3 halberd!
* * * LOW HITPOINT WARNING * * *
Your Armour skill increases to level 7!
The wight closely misses you. The wight hits you with a +3 halberd.
* * * LOW HITPOINT WARNING * * *
You barely miss the wight. The wight hits you but does no damage.
You hit the wight.
The wight is moderately damaged.
The wight hits you with a +3 halberd!
You die...

#......#.#######
#.####.#.#...... ##########
#.#....#.#.##### #........#
#.#.#..#.#.#####
.........###.#.#..#.#.#....
................†..........
.........###.#.#..#.#.#....
.#######.###.#.#..#.#.#....
........z@...<.....#.#....
#######.###.###..###.#....
#)#.....#.........##
#.#.#.#.#.##......#
#.#.#.#.#..#......#
..#.#.#.# #......#
..#.#.... #......#
..#.###.####......# #.#
#...........#


You could see a wight.

Vanquished Creatures
  2 water moccasins (D:5)
  A black bear (D:4)
  2 necrophages
  A phantom (D:6)
  A centaur (D:6)
  3 scorpions
  2 wights (D:6)
  A bullfrog zombie (D:5)
  A hound (D:5)
  An orc priest (D:3)
  A bullfrog skeleton (D:5)
  Ijyb (D:5)
  2 orc wizards
  2 adders (D:3)
  2 shadow imps
  2 dart slugs
  8 orcs
  8 bats
  6 endoplasms
  3 giant cockroaches
  5 goblins
  11 hobgoblins
  2 quokkas (D:4)
  5 ball pythons
  A frilled lizard (D:2)
  5 kobolds
  5 rats
84 creatures vanquished.

Notes
Turn   | Place    | Note
-------+----------+-------------------------------------------
     0 | D:1      | Legadrian the Gargoyle Fighter began the quest for the Orb.
     0 | D:1      | Reached XP level 1. HP: 14/14 MP: 1/1
   295 | D:1      | Reached XP level 2. HP: 12/20 MP: 2/2
   301 | D:1      | Reached skill level 4 in Fighting
   662 | D:1      | Found a faded altar of an unknown god.
  1208 | D:2      | Reached XP level 3. HP: 24/24 MP: 3/3
  1864 | D:3      | Reached skill level 5 in Fighting
  1864 | D:3      | Reached XP level 4. HP: 8/31 MP: 4/4
  2538 | D:3      | Learned a level 2 spell: Wereblood
  2752 | D:3      | Reached skill level 6 in Fighting
  2906 | D:4      | Identified the ring of Dum Sez {Will+ SInv}
  2960 | D:4      | Identified the +10 whip "Sedyq" {vamp, rF- MP+9 Str+2
                  | Dex+3}
  3118 | D:4      | Noticed a scorpion
  3124 | D:4      | Killed a scorpion
  3125 | D:4      | Reached XP level 5. HP: 35/37 MP: 5/5
  3134 | D:4      | Noticed a black bear
  3147 | D:4      | Killed a black bear
  3148 | D:4      | Reached skill level 7 in Fighting
  3148 | D:4      | Reached XP level 6. HP: 44/44 MP: 6/6
  3597 | D:4      | Found a hazy altar of Hepliaklqana.
  3778 | D:5      | Entered Level 5 of the Dungeon
  3779 | D:5      | Noticed Ijyb
  3787 | D:5      | Killed Ijyb
  3837 | D:5      | Reached skill level 8 in Fighting
  3884 | D:5      | Noticed a water moccasin
  3891 | D:5      | Killed a water moccasin
  3892 | D:5      | Reached XP level 7. HP: 50/50 MP: 7/7
  3901 | D:5      | Reached skill level 9 in Fighting
  4117 | D:5      | Found a basalt altar of Yredelemnul.
  4251 | D:5      | Reached skill level 5 in Armour
  4251 | D:5      | Reached XP level 8. HP: 49/56 MP: 8/8
  4766 | D:6      | Found an opulent altar of Gozag.
  4826 | D:6      | Slain by a wight

Illustrated notes

Levels and vault maps discovered:
D:1:      amcnicky_arrival_flooded_fountain, layout_loops_ring,
          basic_ecumenical_altar, nicolae_concentric_dashed_squares_mild,
          supply_closet_lemuel
D:2:      layout_rooms
D:3:      layout_loops_ring
D:4:      layout_loops_cross, mainiacjoe_overflow_alcove_1
D:5:      layout_rooms, nicolae_overflow_hidden_temple,
          minmay_misc_feat_columns, uniq_ijyb
D:6:      layout_basic, lemuel_coloured_pillars_altar, uniq_sigmund,
          uniq_menkaure

Skill      XL: |  1  2  3  4  5  6  7  8 |
---------------+-------------------------+-----
Fighting       | 4 5 6 7 8 9 |  9.3
Armour         | 5 7 |  7.1
Maces & Flails | |  2.0
Shields        | |  3.2

Action                   |  1- 3 |  4- 6 |  7- 9 || total
-------------------------+-------+-------+-------++-------
Melee: Flail             |    96 |    90 |       ||   186
       Whip              |       |    44 |    65 ||   109
  Use: Scroll            |       |       |     3 ||     3
       Potion            |       |       |     1 ||     1
Armor: Scale mail        |    45 |    74 |    32 ||   151
Dodge: Dodged            |    42 |    52 |    31 ||   125
Block: Buckler           |    19 |    27 |    14 ||    60
